 Dungeon Crawl Stone Soup version 0.20.1-1-g8b1a95d66d (webtiles) character file.

3252 Kublaii the Ruffian (level 9, -5/84 HPs)
             Began as a Troll Hunter on Nov 28, 2017.
             Was a Believer of Makhleb.
             Slain by a hog (8 damage)
             ... on level 8 of the Dungeon.
             The game lasted 00:48:06 (5745 turns).

Kublaii the Ruffian (Troll Hunter)                  Turns: 5745, Time: 00:48:07

Health: -5/84      AC:  7    Str: 28    XL:     9   Next: 67%
Magic:  11/11      EV: 12    Int: 12    God:    Makhleb [**....]
Gold:   54         SH:  0    Dex: 12    Spells: 8/8 levels left

rFire    + . .     SeeInvis .   s - +1 giant spiked club
rCold    . . .     Gourm    +   (shield currently unavailable)
rNeg     . . .     Faith    .   b - +2 robe
rPois    .         Spirit   .   (helmet restricted)
rElec    +         Reflect  .   (no cloak)
rCorr    .         Harm     .   (gloves unavailable)
MR       .....                  (boots unavailable)
Stlth    +.........             (no amulet)
Regen    0.7/turn               E - ring of Sidi {rElec rF+ Slay+3}
MPRegen  0.2/turn               B - +5 ring of intelligence

@: mighty
A: unfitting armour, claws 3, fast metabolism 3, gourmand, regeneration 1,
shaggy fur 1, tough skin 2
a: Minor Destruction, Renounce Religion


You were on level 8 of the Dungeon.
You worshipped Makhleb.
Makhleb was pleased with you.
You were completely stuffed.

You visited 1 branch of the dungeon, and saw 8 of its levels.

You collected 374 gold pieces.
You spent 320 gold pieces at shops.

Inventory:

Hand Weapons
 h - a +1 hunting sling
 s - a +1 giant spiked club (weapon)
Missiles
 d - 3 throwing nets
 x - 7 tomahawks
 F - a large rock (quivered)
 H - 33 sling bullets
Armour
 b - a +2 robe (worn)
Jewellery
 B - a +5 ring of intelligence (right claw)
 D - the ring of Xom's Best Wishes {rElec Stlth+}
   (You bought it in a shop on level 5 of the Dungeon)

   [ring of stealth]

   It insulates you from electricity.
   It makes you more stealthy.
 E - the ring of Sidi (left claw) {rElec rF+ Slay+3}
   (You bought it in a shop on level 5 of the Dungeon)

   [ring of protection from fire]

   It affects your accuracy and damage with ranged weapons and melee attacks
   (+3).
   It protects you from fire.
   It insulates you from electricity.
 I - the ring "Isoejoty" {rN+++ Int+3 Dex-5 SInv}
   (You bought it in a shop on level 7 of the Dungeon)

   [ring of see invisible]

   It affects your intelligence (+3).
   It affects your dexterity (-5).
   It renders you almost immune to negative energy.
   It lets you see invisible.
Wands
 c - a wand of random effects (30/48)
Scrolls
 a - 3 scrolls of teleportation
 e - a scroll of vulnerability {unknown}
 i - 6 scrolls of remove curse
 j - 2 scrolls of recharging
 n - 8 scrolls of identify
 y - a scroll of fog {unknown}
 A - a scroll of random uselessness {unknown}
 G - a scroll of immolation {unknown}
Potions
 k - a potion of magic {unknown}
 l - a potion of heal wounds {unknown}
 o - 2 potions of curing
 q - 2 potions of lignification
 r - 3 potions of flight
 t - a potion of mutation {unknown}
 u - a potion of invisibility {unknown}
 v - 5 potions of degeneration
 C - a potion of might
 J - a potion of haste {unknown}
 L - a potion of cancellation {unknown}
Books
 z - a book of Minor Magic

   Spells                             Type                      Level
   a - Magic Dart                     Conjuration                  1
   b - Blink                          Translocation                2
   c - Call Imp                       Summoning                    2
   d - Slow                           Hexes                        2
   e - Conjure Flame                  Conjuration/Fire             3
   f - Mephitic Cloud                 Conjuration/Poison/Air       3
 K - a book of Misfortune

   Spells                             Type                      Level
   a - Confusing Touch                Hexes                        1
   b - Confuse                        Hexes                        3
   c - Gell's Gravitas                Translocation                3
   d - Petrify                        Transmutation/Earth          4
   e - Metabolic Englaciation         Hexes/Ice                    5
   f - Yara's Violent Unravelling     Hexes/Transmutation          5
Comestibles
 f - 5 bread rations
 g - 5 fruits
 p - 3 royal jellies
 w - 4 meat rations


   Skills:
 - Level 4.0 Fighting
   Level 0.5 Short Blades
 + Level 5.3 Maces & Flails
 - Level 5.0 Throwing
 + Level 6.1 Dodging
 - Level 0.3 Stealth
 - Level 6.4 Unarmed Combat
 - Level 4.0 Invocations


You had 8 spell levels left.
You didn't know any spells.

Dungeon Overview and Level Annotations

Branches:
Dungeon (8/15)             Temple (0/1) D:5
   Lair: D:8-11

Altars:
Ashenzari
Cheibriados
Elyvilon
Fedhas
Kikubaaqudgha
Makhleb
Ru
Trog
Uskayaw
The Shining One

Shops:
D:5 *   D:7 (*:


Innate Abilities, Weirdness & Mutations

You are too large for most types of armour.
You have claws for hands.
Your metabolism is lightning-fast.
You like to eat raw meat.
Your natural rate of healing is unusually fast.
You are covered in fur. (AC +1)
You have very tough skin. (AC +2)


Message History

You closely miss the hog.
The hog is heavily wounded.
The hog bites you. The hog bites you! The hog bites you.
* * * LOW HITPOINT WARNING * * *
The hog bites you but does no damage.
Okay, then.
It was a potion of might.
You feel very mighty all of a sudden. The hog bites you!
* * * LOW HITPOINT WARNING * * *
The hog bites you.
* * * LOW HITPOINT WARNING * * *
The hog bites you but does no damage.
You barely miss the hog.
The hog is heavily wounded.
The hog closely misses you. The hog bites you.
* * * LOW HITPOINT WARNING * * *
The hog closely misses you. The hog bites you but does no damage.
The hog bites you!
You die...

........##.#########.#.#.#
........##.##......<.#.#.#
...[....'..##...<)...#.#.#
#.......###########..#...#
#...........#....)#..#####
#...........#.....#..#
#...........###'###..#
########(...#hh..(##.#
#....@hp.%%#..#
##...########## #####


You could see 3 hogs and a human.

Vanquished Creatures
  Joseph (D:7)
  A hungry ghost (D:5)
  A hog (D:8)
  Eustachio (D:4)
  2 vampire mosquitoes (D:7)
  An ice beast (D:8)
  A sky beast (D:7)
  A black bear (D:7)
  An orc warrior (D:7)
  4 ogres
  A phantom (D:7)
  5 centaurs
  A wyvern zombie (D:6)
  A vampire bat (D:4)
  3 crimson imps
  A jelly (D:6)
  2 hounds
  3 orc priests
  A bullfrog skeleton (D:7)
  2 iguanas
  8 orc wizards
  5 worker ants
  A hound skeleton (D:7)
  6 adders
  4 gnolls (D:2)
  A howler monkey skeleton (D:6)
  A shadow imp (D:5)
  An ooze (D:2)
  An adder skeleton (D:5)
  An adder zombie (D:7)
  2 worms
  3 dart slugs
  3 fire bats (D:4)
  5 leopard geckos
  19 orcs
  2 spectral bats (D:4)
  2 ball pythons
  3 bat skeletons (D:4)
  A bat zombie (D:4)
  6 giant cockroaches
  4 goblins
  11 hobgoblins
  6 jackals
  4 kobolds
  3 quokkas
  14 bats
  A bat simulacrum (D:4)
  6 frilled lizards
  A leopard gecko zombie (D:5)
  A quokka skeleton (D:4)
  6 rats
166 creatures vanquished.

Notes
Turn   | Place    | Note
-------+----------+-------------------------------------------
     0 | D:1      | Kublaii the Troll Hunter began the quest for the Orb.
     0 | D:1      | Reached XP level 1. HP: 19/19 MP: 0/0
   281 | D:1      | Reached XP level 2. HP: 28/28 MP: 1/1
   329 | D:1      | You fall through a shaft!
   506 | D:1      | Reached XP level 3. HP: 36/36 MP: 2/2
   916 | D:2      | Reached XP level 4. HP: 38/45 MP: 3/3
  1440 | D:3      | Found a snail-covered altar of Cheibriados.
  1442 | D:3      | Found a glowing golden altar of the Shining One.
  1442 | D:3      | Found a burning altar of Makhleb.
  1444 | D:3      | Found a blossoming altar of Fedhas.
  1445 | D:3      | Found a shattered altar of Ashenzari.
  1461 | D:3      | Became a worshipper of Makhleb the Destroyer
  1502 | D:3      | Reached skill level 1 in Unarmed Combat
  1505 | D:3      | Reached XP level 5. HP: 54/54 MP: 4/4
  2303 | D:4      | Noticed an ogre
  2310 | D:4      | Killed an ogre
  2310 | D:4      | Reached XP level 6. HP: 50/62 MP: 5/5
  2461 | D:4      | Found a sacrificial altar of Ru.
  2587 | D:4      | Reached * piety under Makhleb
  2767 | D:4      | Noticed Eustachio
  2778 | D:4      | Killed Eustachio
  2778 | D:4      | Reached skill level 5 in Unarmed Combat
  2778 | D:4      | Reached XP level 7. HP: 57/70 MP: 6/6
  2784 | D:4      | Found a white marble altar of Elyvilon.
  3283 | D:5      | Entered Level 5 of the Dungeon
  3289 | D:5      | Found Irucsiupt's Assorted Antiques.
  3317 | D:5      | Bought a warped jade ring for 95 gold pieces
  3317 | D:5      | Bought a translucent jade ring for 95 gold pieces
  3317 | D:5      | Identified the ring of Xom's Best Wishes {rElec Stlth+} (You bought it in a shop on level 5 of the Dungeon)
  3319 | D:5      | Identified the ring of Sidi {rElec rF+ Slay+3} (You bought it in a shop on level 5 of the Dungeon)
  3352 | D:5      | Found a staircase to the Ecumenical Temple.
  3410 | D:5      | Noticed a hungry ghost
  3425 | D:5      | Killed a hungry ghost
  3466 | D:5      | Reached skill level 5 in Throwing
  3728 | D:5      | Reached ** piety under Makhleb
  3734 | D:5      | Reached XP level 8. HP: 78/78 MP: 7/7
  3740 | D:5      | Reached skill level 1 in Invocations
  3769 | D:5      | Found an ancient bone altar of Kikubaaqudgha.
  4740 | D:7      | Found a bloodstained altar of Trog.
  4746 | D:7      | Reached skill level 1 in Maces & Flails
  4774 | D:7      | Found Totagew's Antique Weapon Shoppe.
  4954 | D:7      | Found a hide-covered altar of Uskayaw.
  4954 | D:7      | Noticed a hand axe
  4954 | D:7      | Noticed a hand axe
  4973 | D:7      | Reached XP level 9. HP: 78/84 MP: 11/11
  5128 | D:7      | Reached skill level 5 in Dodging
  5195 | D:7      | Noticed Joseph
  5218 | D:7      | Killed Joseph
  5240 | D:7      | Found Nuacos's Assorted Antiques.
  5250 | D:7      | Bought a steaming amber ring for 130 gold pieces
  5251 | D:7      | Identified the ring "Isoejoty" {rN+++ Int+3 Dex-5 SInv} (You bought it in a shop on level 7 of the Dungeon)
  5374 | D:7      | Found Wadadd's Book Boutique.
  5686 | D:8      | Reached skill level 5 in Maces & Flails
  5745 | D:8      | HP: 3/84 [hog (6)]
  5745 | D:8      | Slain by a hog

Skill      XL: |  1  2  3  4  5  6  7  8  9 |
---------------+----------------------------+-----
Fighting       | 2 3 4 |  4.0
Unarmed Combat | 1 3 5 6 |  6.4
Dodging        | 3 4 6 |  6.1
Throwing       | 5 |  5.0
Invocations    | 4 |  4.0
Maces & Flails | 2 5 |  5.3
Short Blades   | |  0.5
Stealth        | |  0.3

Action                   |  1- 3 |  4- 6 |  7- 9 || total
-------------------------+-------+-------+-------++-------
Melee: Unarmed           |    80 |   141 |   199 ||   420
       Short sword       |     9 |       |       ||     9
       Punch             |       |     3 |     5 ||     8
       Giant spiked club |       |       |    30 ||    30
Throw: Large rock        |    14 |    32 |    29 ||    75
       Throwing net      |       |     1 |     1 ||     2
       Tomahawk          |       |       |     1 ||     1
  Use: Scroll            |       |     1 |    12 ||    13
       Potion            |       |       |     3 ||     3
 Stab: Sleeping          |       |     1 |     1 ||     2
  Eat: Chunk             |    13 |    18 |    35 ||    66
       Fruit             |       |       |     2 ||     2
Armor: Robe              |    23 |    34 |    97 ||   154
Dodge: Dodged            |    52 |    41 |   152 ||   245
